 Dungeon Sprint DCSS version 0.28-a0-312-gbced6e68ee (webtiles) character file.

Game seed: 12805077535292749168

1238 Ankalagon the Fighter (level 8, -1/76 HPs)
             Began as a Formicid Hunter on Aug 30, 2021.
             Was a Believer of Okawaru.
             Slain by Sonja (2 damage)
             ... in the Dungeon (Sprint I: "Red Sonja").
             The game lasted 00:03:05 (665 turns).

Ankalagon the Fighter (Formicid Hunter)              Turns: 665, Time: 00:03:06

Health: -1/76      AC:  8    Str: 18    XL:     8   Next: 78%
Magic:  6/8        EV: 18    Int: 10    God:    Okawaru [**....]
Gold:   305        SH:  0    Dex: 13    Spells: 7/7 levels left

rFire   . . .      SeeInvis +   a - +1 hand crossbow
rCold   + . .      Faith    .   (no shield)
rNeg    . . .      Spirit   .   h - +2 leather armour {rC+}
rPois   .          Reflect  .   (helmet unavailable)
rElec   .          Harm     .   i - +0 cloak
rCorr   .          Rampage  .   (no gloves)
Will    .....                   j - +0 pair of boots
Stlth   +++.......              (no amulet)
HPRegen 0.22/turn               (no ring)
MPRegen 0.11/turn               (no ring)

@: heroic
A: permanent stasis, dig shafts and tunnels, antennae 3, four strong arms
a: Dig, Renounce Religion, Heroism


You were in the Dungeon.
You worshipped Okawaru.
Okawaru was pleased with you.
You visited 1 branch You collected 413 gold pieces.
You spent 108 gold pieces at shops.

Inventory:

Hand Weapons
 a - a +1 hand crossbow (weapon)
 b - a +0 short sword
Missiles
 d - 2 bolts (quivered ammo)
Armour
 h - a +2 leather armour of cold resistance (worn)
 i - a +0 cloak (worn)
 j - a +0 pair of boots (worn)
Scrolls
 c - a scroll of magic mapping {unknown}
 k - a scroll of immolation {unknown}
Potions
 f - a potion of heal wounds
 g - 3 potions of magic


   Skills:
 + Level 12.2(17.2) Fighting
 - Level 10.0(15.0) Crossbows
 + Level 10.4(15.4) Dodging
 - Level 1.2(6.2) Stealth


You had 7 spell levels left.
You didn't know any spells.
Your spell library was empty.

Dungeon Overview and Level Annotations

Branches:
Dungeon (1/1)

Altars:
Cheibriados
Dithmenos
Elyvilon
Fedhas
Gozag
Hepliaklqana
Kikubaaqudgha
Makhleb
Nemelex Xobeh
Okawaru
Qazlal
Ru
Sif Muna
Trog
Uskayaw
Vehumet
Wu Jian
Xom
Yredelemnul
Zin
The Shining One
Jiyva
Lugonu

Shops:
D [

Annotations:
D Sonja


Innate Abilities, Weirdness & Mutations

You cannot be hasted, slowed, berserked, paralysed or teleported.
You can dig through walls and to a lower floor.
You have a pair of large antennae on your head. (SInv)
Your four strong arms can wield two-handed weapons with a shield.


Message History

Sonja mumbles some strange words.
Sonja blinks!
d - 3 bolts
There is an open door here.
Fire: 3 bolts
Press: ? - help, Q - select action, (/) - cycle Shift-Dir - straight line, f - you Really target yourself?
Okay, then.
Unknown command.
d - 5 bolts (gained 2) Fire: 5 bolts
Press: ? - help, Q - select action, (/) - cycle Shift-Dir - straight line, f - Sonja
Aim: Sonja, wielding a +2 dagger of distortion and quivering curare-tipped darts (heavily wounded, 43% to hit)
You shoot a bolt. The bolt barely misses Sonja.
Fire: 4 bolts
Press: ? - help, Q - select action, (/) - cycle Shift-Dir - straight line, f/p - Sonja
Aim: Sonja, wielding a +2 dagger of distortion and quivering curare-tipped darts (heavily wounded, 43% to hit)
You shoot a bolt. The bolt barely misses Sonja.
Sonja hits you but does no damage. Space bends around you.
Sonja closely misses you. x2
Unknown command.
Unknown command.
Fire: 3 bolts
Press: ? - help, Q - select action, (/) - cycle Shift-Dir - straight line, f/p - Sonja
Aim: Sonja, wielding a +2 dagger of distortion and quivering curare-tipped darts (heavily wounded, 43% to hit)
You shoot a bolt. The bolt misses Sonja.
Sonja hits you with a +2 dagger of distortion!
* * * LOW HITPOINT WARNING * * *
Space bends around you.
* * * LOW HITPOINT WARNING * * *
Sonja barely misses you.
Sonja hits you with a +2 dagger of distortion.
* * * LOW HITPOINT WARNING * * *
Sonja hits you with a +2 dagger of distortion.
* * * LOW HITPOINT WARNING * * *
Space bends around you.
* * * LOW HITPOINT WARNING * * *
Sonja hits you with a +2 dagger of distortion.
You die...

#..)[.#..').#..'..'..#...#
#..#####'#####'#__####...+{{
#..####..#((.#.#### #####{{
#..#__####.(##.# {
#..#_____##'#_.+ {
#⌠⌠#_.∩...'((._# {
####_..__##_.#'# {
#_____###K#.# ####### #@###


+$($+ { #$.$# { ##.## { { #+# {{ { { { { {{{ You could see Sonja.

Vanquished Creatures
  2 kobold demonologists (D)
  A slime creature (D)
  Sigmund (D)
  A yak (D)
  A floating eye (D)
  An ogre (D)
  A jelly (D)
  Ijyb (D)
9 creatures vanquished.

Notes
Turn   | Place    | Note
-------+----------+-------------------------------------------
     0 | D        | Ankalagon the Formicid Hunter began the quest for the Orb.
     0 | D        | Reached XP level 1. HP: 16/16 MP: 1/1
     2 | D        | Noticed Ijyb
    10 | D        | Killed Ijyb
    11 | D        | Reached XP level 2. HP: 6/22 MP: 2/2
    11 | D        | Reached XP level 3. HP: 7/27 MP: 3/3
   230 | D        | Noticed an ogre
   236 | D        | Killed an ogre
   237 | D        | Reached skill level 10 in Crossbows
   237 | D        | Reached XP level 4. HP: 33/33 MP: 4/4
   237 | D        | Reached XP level 5. HP: 38/38 MP: 5/5
   249 | D        | Noticed Sigmund
   263 | D        | Killed Sigmund
   264 | D        | Reached skill level 7 in Fighting
   264 | D        | Reached skill level 5 in Dodging
   264 | D        | Reached XP level 6. HP: 37/55 MP: 6/6
   375 | D        | Found an ornate altar of the Wu Jian Council.
   375 | D        | Found a shimmering blue altar of Sif Muna.
   379 | D        | Found a radiant altar of Vehumet.
   389 | D        | Found Zikhuimn's Armour Emporium.
   389 | D        | Found an ancient bone altar of Kikubaaqudgha.
   389 | D        | Found a hazy altar of Hepliaklqana.
   389 | D        | Found a stormy altar of Qazlal.
   389 | D        | Found a hide-covered altar of Uskayaw.
   389 | D        | Found a blossoming altar of Fedhas.
   389 | D        | Found a bloodstained altar of Trog.
   389 | D        | Found an iron altar of Okawaru.
   389 | D        | Found a basalt altar of Yredelemnul.
   389 | D        | Found a glowing golden altar of the Shining One.
   389 | D        | Found a snail-covered altar of Cheibriados.
   389 | D        | Found a sacrificial altar of Ru.
   389 | D        | Found a glowing silver altar of Zin.
   389 | D        | Found a shadowy altar of Dithmenos.
   389 | D        | Found a white marble altar of Elyvilon.
   389 | D        | Noticed a yak
   400 | D        | Killed a yak
   401 | D        | Reached skill level 9 in Fighting
   401 | D        | Reached XP level 7. HP: 61/64 MP: 7/7
   407 | D        | Found an opulent altar of Gozag.
   409 | D        | Found a sparkling altar of Nemelex Xobeh.
   414 | D        | Became a worshipper of Warmaster Okawaru
   416 | D        | Bought a +0 cloak for 54 gold pieces
   416 | D        | Bought a +0 pair of boots for 54 gold pieces
   437 | D        | Found a burning altar of Makhleb.
   437 | D        | Found a viscous altar of Jiyva.
   437 | D        | Found a shimmering altar of Xom.
   437 | D        | Found a corrupted altar of Lugonu.
   437 | D        | Noticed a slime creature
   446 | D        | Killed a slime creature
   447 | D        | Reached skill level 10 in Fighting
   566 | D        | Noticed a kobold demonologist
   567 | D        | Reached * piety under Okawaru
   567 | D        | Noticed a kobold demonologist
   568 | D        | Reached XP level 8. HP: 74/74 MP: 8/8
   569 | D        | Noticed a rust devil
   574 | D        | Killed a kobold demonologist
   575 | D        | Reached skill level 11 in Fighting
   579 | D        | Killed a kobold demonologist
   579 | D        | Reached ** piety under Okawaru
   580 | D        | Reached skill level 12 in Fighting
   580 | D        | Reached skill level 10 in Dodging
   646 | D        | Noticed Sonja
   665 | D        | HP: 1/76 [Sonja (6)]
   665 | D        | Slain by Sonja

Illustrated notes

Levels and vault maps discovered:
D:        dungeon_sprint_1 [red_sonja_temple_1, red_sonja_temple_small_1]

Skill      XL: |  1  2  3  4  5  6  7  8 |
---------------+-------------------------+-----
Crossbows      | 7 10 | 10.0
Fighting       | 7 9 10 12 | 12.2
Dodging        | 5 7 9 10 | 10.4
Stealth        | |  1.2

Action                   |  1- 3 |  4- 6 |  7- 9 || total
-------------------------+-------+-------+-------++-------
 Fire: Hand crossbow     |    14 |    24 |    34 ||    72
Invok: Heroism           |       |       |     1 ||     1
  Use: Potion            |       |       |     1 ||     1
Armor: Leather armour    |     1 |       |     1 ||     2
Dodge: Dodged            |     6 |     8 |    23 ||    37

Table legend: (Time is in decaauts)
 A = Elapsed time spent in this place.
 B = Non-inter-level travel time spent in this place.
 C = Inter-level travel time spent in this place.
 D = Time resting spent in this place.
 E = Time spent auto-exploring this place.
 F = Levels seen in this place.
 G = Mean time per level.
                   A        B        C        D        E       F      G
               +--------+--------+--------+--------+--------+-----+--------+
         Total |    668 |    668 |      0 |    390 |      0 |   1 |  668.0 |
       Dungeon |    668 |    668 |      0 |    390 |      0 |   1 |  668.0 |
               +--------+--------+--------+--------+--------+-----+--------+

Top non-repeatable levels by time:
       D: 668 daAuts
